 Dungeon Crawl Stone Soup version 0.30.1-11-g7821555f0a (webtiles) character file.

Game seed: 14421490486751445058

90 Okkudo the Chopper (level 4, -2/41 HPs)
             Began as a Hill Orc Monk on Dec 6, 2023.
             Slain by Grinder (5 damage)
             ... while paralysed by Grinder
             ... on level 3 of the Dungeon.
             The game lasted 00:03:40 (1567 turns).

Okkudo the Chopper (Hill Orc Monk)                  Turns: 1567, Time: 00:03:41

Health: -2/41      AC:  4    Str: 15    XL:     4   Next: 56%
Magic:  4/4        EV:  2    Int: 10    God:
Gold:   199        SH:  0    Dex: 13    Spells: 3/3 levels left

rFire   . . .        a - +0 hand axe
rCold   . . .        d - orb {light}
rNeg    . . .        k - +0 leather armour
rPois   .            (no helmet)
rElec   .            j - +0 cloak
rCorr   .            (no gloves)
SInv    .            (no boots)
Will    .....        (no amulet)
Stlth   +            (no ring)
HPRegen 0.26/turn    (no ring)
MPRegen 0.09/turn

%: no passive effects
@: paralysed, glowing
A: no striking features
a: no special abilities


You were on level 3 of the Dungeon.
You visited 1 branch of the dungeon, and saw 3 of its levels.

You collected 199 gold pieces.

Inventory:

Hand Weapons
 a - a +0 hand axe (weapon)
Armour
 d - an orb of light (worn)
 j - a +0 cloak (worn)
 k - a +0 leather armour (worn)
Scrolls
 e - a scroll of enchant weapon {unknown}
 f - 2 scrolls of identify {unknown}
 g - 2 scrolls of noise {unknown}
 l - a scroll of enchant armour {unknown}
 m - a scroll of vulnerability {unknown}
Potions
 b - 3 potions of might {unknown}
 h - a potion of mutation {unknown}
 i - 2 potions of curing {unknown}
 n - a potion of attraction {unknown}
 o - 2 potions of flight {unknown}


   Skills:
 + Level 4.6 Fighting
 * Level 6.1 Axes
 - Level 2.4 Dodging


You had 3 spell levels left.
You didn't know any spells.
Your spell library was empty.

Dungeon Overview and Level Annotations

Branches:
Dungeon (3/15)

Altars:
Okawaru

Annotations:
D:3 Grinder


Message History

Grinder blinks!
You slash Grinder!
Grinder is severely wounded.
Grinder gestures at you. Pain shoots through your body!
You barely miss Grinder.
Grinder is severely wounded.
Grinder hits you.
You writhe in agony.
You hit Grinder.
Grinder is severely wounded.
Grinder hits you.
* * * LOW HITPOINT WARNING * * *
You writhe in agony.
* * * LOW HITPOINT WARNING * * *
You are confused.
You feel invigorated.
Grinder blinks!
You bump into the rock wall.
Grinder gestures at you. Pain shoots through your body!
* * * LOW HITPOINT WARNING * * *
You bump into the rock wall.
You bump into the rock wall.
You slash Grinder!
Grinder is almost dead.
You feel less invigorated.
You feel less confused. Grinder gestures at you. Pain shoots through your body!
You hit Grinder but do no damage.
Grinder is almost dead.
Grinder gestures at you.
You suddenly lose the ability to move!
Grinder hits you!
* * * LOW HITPOINT WARNING * * *
You writhe in agony.
* * * LOW HITPOINT WARNING * * *
Grinder hits you.
* * * LOW HITPOINT WARNING * * *
You writhe in agony.
You die...

#
#.##.####..#
#.....@.#..#
#...###5#..#
... #.#..# .
#.#..#
#.#..#
####.#..#
#.......#
#.####..#
#....#..#


You could see Grinder.

Vanquished Creatures
  An iguana (D:3)
  3 adders (D:2)
  3 dart slugs (D:1)
  2 endoplasms
  A giant cockroach (D:2)
  3 goblins (D:1)
  5 hobgoblins
  A quokka (D:1)
  4 ball pythons
  3 bats
  4 frilled lizards
  A kobold (D:3)
  2 rats
33 creatures vanquished.

Notes
Turn   | Place    | Note
-------+----------+-------------------------------------------
     0 | D:1      | Okkudo the Hill Orc Monk began the quest for the Orb.
     0 | D:1      | Reached XP level 1. HP: 19/19 MP: 1/1
   128 | D:1      | Reached XP level 2. HP: 22/27 MP: 2/2
   185 | D:1      | Found a faded altar of an unknown god.
   420 | D:1      | Reached skill level 5 in Axes
   545 | D:1      | Reached XP level 3. HP: 33/33 MP: 3/3
  1324 | D:2      | Reached XP level 4. HP: 35/41 MP: 4/4
  1406 | D:3      | Found an iron altar of Okawaru.
  1481 | D:3      | Reached skill level 6 in Axes
  1543 | D:3      | Noticed Grinder
  1565 | D:3      | Paralysed by Grinder for 3 turns
  1567 | D:3      | Slain by Grinder

Illustrated notes

Levels and vault maps discovered:
D:1:      dpeg_arrival_simpleton_c, layout_loops_ring,
          nicolae_ecumenical_lake_church, minmay_tromino_v4_b
D:2:      layout_loops_ring
D:3:      layout_basic, fedhas_altar_2, okawaru_trees_2, uniq_natasha,
          uniq_jessica, uniq_ijyb, uniq_grinder, uniq_robin

Skill      XL: |  1  2  3  4 |
---------------+-------------+-----
Fighting       | 4 |  4.6
Axes           | 5 6 |  6.1
Dodging        | |  2.4

Action                     |  1- 3 |  4- 6 || total
---------------------------+-------+-------++-------
  Melee: Hand axe          |    80 |    34 ||   114
    Use: Potion            |       |     1 ||     1
 Armour: Robe              |     4 |       ||     4
         Leather armour    |    14 |     1 ||    15
  Dodge: Dodged            |    44 |    18 ||    62
